 Dungeon Sprint DCSS version 0.18-a0-1323-g706dcef (webtiles) character file.

1168 Kidiri the Grappler (level 8, 0/70 HPs)
             Began as a Yellow Draconian Transmuter on Feb 15, 2016.
             Was a Priest of Sif Muna.
             Slain by a white ugly thing (21 damage)
             ... in the Dungeon (Sprint IX: "|||||||||||||||||||||||||||||").
             The game lasted 00:03:38 (903 turns).

Kidiri the Grappler (Yellow Draconian Transmuter)    Turns: 903, Time: 00:03:38

Health: 0/70       AC:  9    Str: 14    XL:     8   Next: 17%
Magic:  17/17      EV: 18    Int: 12    God:    Sif Muna [***...]
Gold:   0          SH:  0    Dex: 12    Spells: 4 memorised, 9 levels left

rFire  . . .     SeeInvis .       - Unarmed
rCold  . . .     Gourm    .     (armour unavailable)
rNeg   . . .     Faith    .     (no shield)
rPois  .         Spirit   .     (helmet restricted)
rElec  .         Dismiss  .     (no cloak)
rCorr  +         Reflect  .     (no gloves)
SustAt .         Harm     .     n - +0 pair of boots
MR     .....     Clarity  +     (no amulet)
Stlth  +......... NoTele   +    p - +2 ring of protection
                                o - +2 ring of evasion

@: slowed, very slow, not resistant to hostile enchantments, very unstealthy
A: spit acid, acid resistance, unfitting armour, clarity, dopey 1, low mp 1,
mutation resistance 1, cold-blooded, MP-powered wands, AC +6
a: Spit Acid, Channel Energy, Renounce Religion


You were in the Dungeon.
You worshipped Sif Muna.
Sif Muna was most pleased with you.
You were not hungry.

You visited 1 branch

Inventory:

Armour
 n - a +0 pair of boots (worn)
Jewellery
 o - a +2 ring of evasion (left hand)
 p - a +2 ring of protection (right hand)
Wands
 m - a wand of acid (7/15)
Scrolls
 i - 2 scrolls of blinking
 k - 3 scrolls of remove curse
 l - 2 scrolls of amnesia
Potions
 e - a potion of invisibility
 f - a potion of haste
 g - 4 potions of magic
 h - a potion of heal wounds
 j - 4 potions of curing
Comestibles
 c - a bread ration


   Skills:
 + Level 6.2 Fighting
 * Level 8.0 Dodging
 * Level 9.0 Unarmed Combat
 * Level 7.9 Spellcasting
 + Level 6.2 Transmutations
 + Level 3.8 Ice Magic
 + Level 3.7 Poison Magic
 + Level 4.3 Invocations


You had 9 spell levels left.
You knew the following spells:

 Your Spells              Type           Power        Failure   Level  Hunger
a - Beastly Appendage     Trmt           ###...       1%          1    None
b - Spider Form           Trmt/Pois      ###.......   10%         3    ##.....
c - Ice Form              Ice/Trmt       ###.....     21%         4    ####...
d - Blade Hands           Trmt           ###.......   34%         5    ######.


Dungeon Overview and Level Annotations

Branches:
Dungeon (1/1)

Altars:
Cheibriados
Dithmenos
Elyvilon
Fedhas
Gozag
Kikubaaqudgha
Makhleb
Nemelex Xobeh
Okawaru
Pakellas
Qazlal
Ru
Sif Muna
Trog
Vehumet
Xom
Yredelemnul
Zin
The Shining One
Beogh
Jiyva
Lugonu


Innate Abilities, Weirdness & Mutations

You can spit globs of acid.
You are resistant to acid.
Your golden yellow scales are hard (AC +6).
Your body does not fit into most forms of armour.
You are cold-blooded and may be slowed by cold attacks.
You possess an exceptional clarity of mind.
You are dopey. (Int -2)
Your magical capacity is low (-10% MP).
You are somewhat resistant to further mutation.
You expend magic power (3 MP) to strengthen your wands.


Message History

You kill the troll!
Your Fighting skill increases to level 6!
Your Dodging skill increases to level 8!
Your Unarmed Combat skill increases to level 9!
You have reached level 8!
You feel stronger.
You hit the white ugly thing.
The white ugly thing is poisoned.
The white ugly thing is lightly wounded.
The white ugly thing completely misses you.
You hit the white ugly thing.
The white ugly thing looks even sicker.
The white ugly thing is lightly wounded.
Your transformation has ended.
Your +0 pair of boots unmelds from your body.
The white ugly thing pecks you but does no damage.
You hit the white ugly thing but do no damage.
The white ugly thing is moderately wounded.
The white ugly thing pecks you!
* * * LOW HITPOINT WARNING * * *
The white ugly thing freezes you!!
You feel yourself slow down.
You die...

▓.▓
▓.▓
▓.▓
▓.▓
▓o▓
▓Z▓
▓u▓
▓@▓
▓.▓
▓.▓
▓.▓
▓.▓
▓)▓
▓)▓
▓.▓
▓.▓


You could see a white ugly thing, an orc and a bat skeleton.

Vanquished Creatures
  A troll (D)
  A two-headed ogre (D)
  A yak (D)
  A wyvern (D)
  A hell hound (shapeshifter) (D)
  An ogre (D)
  An orc warrior (D)
  A sky beast (D)
  A crimson imp (D)
  A hound (D)
  An iguana (D)
  2 shadow imps (D)
  A giant gecko (D)
  A bat (D)
  A goblin (D)
  A hobgoblin (D)
  A giant newt (D)
  A rat (D)
19 creatures vanquished.

Notes
Turn   | Place    | Note
--------------------------------------------------------------
     0 | D        | Kidiri the Draconian Transmuter began the quest for the Orb.
     0 | D        | Reached XP level 1. HP: 16/16 MP: 3/3
   226 | D        | Noticed an ogre
   226 | D        | Noticed a crimson imp
   226 | D        | Noticed a sky beast
   226 | D        | Noticed a hound
   235 | D        | Killed a hound
   235 | D        | Reached skill level 4 in Unarmed Combat
   235 | D        | Reached XP level 2. HP: 12/24 MP: 4/6
   235 | D        | Reached XP level 3. HP: 14/29 MP: 4/7
   245 | D        | Killed a sky beast
   245 | D        | Reached skill level 5 in Unarmed Combat
   245 | D        | Reached XP level 4. HP: 9/38 MP: 4/10
   249 | D        | Killed an ogre
   249 | D        | Reached skill level 5 in Dodging
   249 | D        | Reached skill level 6 in Unarmed Combat
   249 | D        | Reached skill level 5 in Spellcasting
   249 | D        | Reached XP level 5. HP: 11/46 MP: 5/13
   298 | D        | Learned a level 3 spell: Spider Form
   303 | D        | Learned a level 4 spell: Ice Form
   309 | D        | Learned a level 5 spell: Blade Hands
   452 | D        | Gained mutation: You possess an exceptional clarity of mind. [mutagenic meat]
   453 | D        | Gained mutation: You are dopey. (Int -2) [mutagenic meat]
   454 | D        | Gained mutation: You expend magic power (3 MP) to strengthen your wands. [mutagenic meat]
   455 | D        | Gained mutation: You are somewhat resistant to further mutation. [mutagenic meat]
   456 | D        | Gained mutation: Your magical capacity is low (-10% MP). [mutagenic meat]
   463 | D        | Found a glowing silver altar of Zin.
   463 | D        | Found a glowing golden altar of the Shining One.
   463 | D        | Found an ancient bone altar of Kikubaaqudgha.
   463 | D        | Found a basalt altar of Yredelemnul.
   463 | D        | Found a shimmering altar of Xom.
   463 | D        | Found a radiant altar of Vehumet.
   464 | D        | Found an iron altar of Okawaru.
   465 | D        | Found a burning altar of Makhleb.
   466 | D        | Found a deep blue altar of Sif Muna.
   467 | D        | Found a bloodstained altar of Trog.
   468 | D        | Found a sparkling altar of Nemelex Xobeh.
   469 | D        | Found a white marble altar of Elyvilon.
   470 | D        | Found a roughly hewn altar of Beogh.
   471 | D        | Found a viscous altar of Jiyva.
   472 | D        | Found a corrupted altar of Lugonu.
   473 | D        | Found a blossoming altar of Fedhas.
   474 | D        | Became a worshipper of Sif Muna the Loreminder
   475 | D        | Found a snail-covered altar of Cheibriados.
   476 | D        | Found a shadowy altar of Dithmenos.
   477 | D        | Found a stormy altar of Qazlal.
   478 | D        | Found an opulent altar of Gozag.
   479 | D        | Found a sacrificial altar of Ru.
   480 | D        | Found an oddly glowing altar of Pakellas.
   537 | D        | Noticed an orc warrior
   537 | D        | Noticed a wyvern
   537 | D        | Noticed a two-headed ogre
   544 | D        | Killed a two-headed ogre
   544 | D        | Reached * piety under Sif Muna
   544 | D        | Reached skill level 5 in Fighting
   544 | D        | Reached skill level 7 in Unarmed Combat
   544 | D        | Reached skill level 5 in Transmutations
   544 | D        | Reached XP level 6. HP: 52/56 MP: 10/14
   563 | D        | Killed a wyvern
   563 | D        | Reached ** piety under Sif Muna
   563 | D        | Reached skill level 8 in Unarmed Combat
   563 | D        | Reached XP level 7. HP: 44/61 MP: 7/15
   563 | D        | Your scales start taking on a golden yellow colour.
   874 | D        | Noticed a white ugly thing
   874 | D        | Noticed a troll
   874 | D        | Noticed a yak
   874 | D        | Noticed a golden eye
   874 | D        | a golden eye changed into an ice beast
   891 | D        | Killed a yak
   900 | D        | Killed a troll
   900 | D        | Reached *** piety under Sif Muna
   900 | D        | Reached skill level 9 in Unarmed Combat
   900 | D        | Reached XP level 8. HP: 35/70 MP: 17/17
   903 | D        | Slain by a white ugly thing

Vault maps used:
D:        linesprint

Action                   |  1- 3 |  4- 6 |  7- 9 || total
-------------------------+-------+-------+-------++-------
Melee: Unarmed           |    24 |    44 |    38 ||   106
 Cast: Beastly Appendage |     3 |     2 |       ||     5
       Spider Form       |       |     2 |     1 ||     3
  Use: Potion            |     2 |     1 |     1 ||     4
  Eat: Chunk             |       |     5 |     1 ||     6
